 Dungeon Crawl Stone Soup version 0.16-a0-296-gbdb9f68 (webtiles) character file.

173 Ratboiler the Stinger (level 5, 0/38 HPs)
             Began as a Draconian Venom Mage on Aug 29, 2014.
             Succumbed to poison (a potion of poison)
             ... on Level 3 of the Dungeon.
             The game lasted 00:12:05 (1822 turns).

Ratboiler the Stinger (Draconian Venom Mage)        Turns: 1822, Time: 00:12:06

HP   0/38        AC  6     Str 10      XL: 5   Next: 28%
MP   1/11        EV 17     Int 18      God:
Gold 157         SH  0     Dex 17      Spells:  3 memorised,  4 levels left

rFire  . . .     SeeInvis .     e - +0 dagger
rCold  . . .     Clarity  .     (armour unavailable)
rNeg   . . .     rCorr    .     (no shield)
rPois  .         rRot     .     (helmet restricted)
rElec  .         Spirit   .     t - +0 cloak
SustAb .         Warding  .     (no gloves)
rMut   .         Stasis   .     (no boots)
Gourm  .                        (no amulet)
MR     .....                    (no ring)
                                (no ring)

@: agile, lethally poisoned, very slightly contaminated, hasted, very quick, not
resistant to hostile enchantments, fairly stealthy
A: unfitting armour, blurry vision 1, clever 1, wild magic 1, cold-blooded, AC
+5
a: no special abilities


You were on level 3 of the Dungeon.
You were hungry.

You visited 1 branch of the dungeon, and saw 3 of its levels.

You collected 157 gold pieces.

Inventory:

Hand weapons
 e - a +0 dagger (weapon)
Missiles
 m - 20 poisoned needles
 o - 16 stones (quivered)
Armour
 t - a +0 cloak (worn)
Magical devices
 s - a wand of confusion (4)
Comestibles
 c - 2 bread rations
 n - 4 fruits
 p - a chunk of goblin flesh
 r - a meat ration
Scrolls
 d - a scroll of magic mapping {unknown}
 h - 3 scrolls of teleportation {unknown}
 i - a scroll of blinking {unknown}
 k - 2 scrolls of identify {unknown}
 q - a scroll of immolation {unknown}
 v - a scroll of remove curse {unknown}
Potions
 a - a potion of haste
Books
 b - a Young Poisoner's Handbook

   Spells                             Type                      Level
   *Sting                             Conjuration/Poison           1
   *Cure Poison                       Poison                       2
   *Mephitic Cloud                    Conjuration/Poison/Air       3
   Olgreb's Toxic Radiance            Poison                       4
   Venom Bolt                         Conjuration/Poison           5


   Skills:
 - Level 1.7 Dodging
 - Level 1.7 Stealth
 + Level 3.2 Spellcasting
 + Level 2.2 Conjurations
 * Level 5.3 Poison Magic


You had 4 spell levels left.
You knew the following spells:

 Your Spells              Type           Power        Failure   Level  Hunger
a - Sting                 Conj/Pois      ###.         9%          1    None
b - Cure Poison           Pois           ####......   7%          2    ##.....
c - Mephitic Cloud        Conj/Pois/Air  ###.....     34%         3    ###....


Dungeon Overview and Level Annotations

Branches:
Dungeon (3/15)

Altars:
Dithmenos
The Shining One


Innate Abilities, Weirdness & Mutations

Your plain brown scales are hard (AC +5).
Your body does not fit into most forms of armour.
Your cold-blooded metabolism reacts poorly to cold.
Your vision is a little blurry.
Your mind is acute. (Int +2)
Your spells are a little harder to cast, but a little more powerful.


Message History

You feel agile all of a sudden.
It was a potion of agility.
* * * LOW HITPOINT WARNING * * *
You feel sick.
Drink which item? (? for menu, Esc to quit)
You feel extremely strange.
You feel clever.
Your vision blurs.
You feel less in control of your magic.
It was a potion of mutation.
* * * LOW HITPOINT WARNING * * *
You feel sick.
Drink which item? (? for menu, Esc to quit)
That liquid tasted very nasty...
You are more poisoned.
It was a potion of poison.
* * * LOW HITPOINT WARNING * * *
You feel sick.
* * * LOW HITPOINT WARNING * * *
You feel sick.
* * * LOW HITPOINT WARNING * * *
You feel sick.
You die...

..... #.####
#8...8##.....
##.....##....#
#8...[.8#....#
#.....##....#
#8...8##.(..# ####
##_## #....#
...#########....###
................@.##
.########.#######%.#
.########.# ##.#
.#......#.# #.##
.#......#.# #..#
.#......#.## ##.#
........+..#
#.......#
........#..#
#.......#
......)....#
#.......#


There were no monsters in sight!

Vanquished Creatures
  A water moccasin (D:3)
  3 adders (D:2)
  2 giant geckos (D:1)
  6 orcs (D:3)
  3 giant cockroaches
  9 hobgoblins
  3 jackals (D:1)
  5 kobolds
  3 ball pythons
  5 bats
  4 giant newts
  A giant spore (D:3)
  7 goblins
  5 rats
57 creatures vanquished.

Notes
Turn   | Place    | Note
--------------------------------------------------------------
     0 | D:1      | Ratboiler, the Draconian Venom Mage, began the quest for the Orb.
     0 | D:1      | Reached XP level 1. HP: 14/14 MP: 3/3
   161 | D:1      | Reached XP level 2. HP: 20/20 MP: 3/5
   165 | D:1      | Learned a level 2 spell: Cure Poison
   687 | D:1      | Reached XP level 3. HP: 26/26 MP: 4/6
   697 | D:1      | Learned a level 3 spell: Mephitic Cloud
  1175 | D:2      | Found a glowing golden altar of the Shining One.
  1387 | D:2      | Reached skill level 1 in Conjurations
  1450 | D:2      | Reached XP level 4. HP: 31/33 MP: 5/8
  1768 | D:3      | Found a shadowy altar of Dithmenos.
  1787 | D:3      | Noticed a water moccasin
  1800 | D:3      | HP: 1/33 [poisoned by a water moccasin]
  1816 | D:3      | Killed a water moccasin
  1816 | D:3      | Reached skill level 5 in Poison Magic
  1816 | D:3      | Reached XP level 5. HP: 8/38 MP: 0/11
  1818 | D:3      | Gained mutation: Your mind is acute. (Int +2) [potion of mutation]
  1818 | D:3      | Gained mutation: Your vision is a little blurry. [potion of mutation]
  1818 | D:3      | Gained mutation: Your spells are a little harder to cast, but a little more powerful. [potion of mutation]
  1822 | D:3      | Succumbed to poison (a potion of poison)

Action                   |  1- 3 |  4- 6 || total
-------------------------+-------+-------++-------
Melee: Dagger            |   144 |    34 ||   178
       Unarmed           |     1 |       ||     1
 Cast: Sting             |    35 |    27 ||    62
Evoke: Wand              |       |     3 ||     3
  Use: Potion            |       |     6 ||     6
 Stab: Sleeping          |     1 |       ||     1
       Confused          |       |     3 ||     3
  Eat: Chunk             |     2 |     1 ||     3
